 Dungeon Crawl Stone Soup version 0.31-a0-986-g5e6e4ef867 (webtiles) character file.

Game seed: 9298628247346299743

2463 porpoise the Skirmisher (level 9, -4/51 HPs)
             Began as a Kobold Hunter on Nov 14, 2023.
             Was a Follower of Hepliaklqana.
             Succumbed to a killer bee's poison
             ... on level 7 of the Dungeon.
             The game lasted 00:18:14 (6278 turns).

porpoise the Skirmisher (Kobold Hunter)             Turns: 6278, Time: 00:18:14

Health: -4/51      AC:  7    Str:  9    XL:     9   Next: 79%
Magic:  9/9        EV: 21    Int: 10    God:    Hepliaklqana [*.....]
Gold:   368        SH:  0    Dex: 22    Spells: 8/8 levels left

rFire   . . .        b - +3 dagger (venom)
rCold   . . .        (no shield)
rNeg    + . .        c - +0 leather armour
rPois   .            (no helmet)
rElec   .            s - +1 cloak
rCorr   .            t - +0 pair of gloves
SInv    .            o - +0 pair of boots
Will    .....        (no amulet)
Stlth   +++++        h - ring of positive energy
HPRegen 0.28/turn    j - +5 ring of evasion
MPRegen 0.11/turn

%: no passive effects
@: lethally poisoned (-4 -> -25)
A: reduced essence, small, no large weapons, nightstalker 3
a: Renounce Religion, Recall Ancestor, Ancestor Identity


You were on level 7 of the Dungeon.
You worshipped Hepliaklqana.
Hepliaklqana was aware of your devotion.
You visited 2 branches of the dungeon, and saw 8 of its levels.

You collected 368 gold pieces.

Inventory:

Hand Weapons
 a - a +0 shortbow
 b - a +3 dagger of venom (weapon)
Missiles
 r - 36 poisoned darts
 y - 3 atropa-tipped darts
 B - 3 boomerangs
Armour
 c - a +0 leather armour (worn)
 g - an orb of guile
 o - a +0 pair of boots (worn)
 s - a +1 cloak (worn)
 t - a +0 pair of gloves (worn)
Jewellery
 h - a ring of positive energy (left hand)
 j - a +5 ring of evasion (right hand)
 l - a ring of resist corrosion
 q - an amulet of guardian spirit
Wands
 w - a wand of polymorph (10)
Scrolls
 d - 2 scrolls of butterflies
 k - 2 scrolls of enchant weapon
 m - 4 scrolls of teleportation
 p - a scroll of fog {unknown}
 x - a scroll of blinking {unknown}
 z - a scroll of silence {unknown}
 A - a scroll of revelation {unknown}
Potions
 f - 2 potions of attraction
 i - a potion of cancellation
 u - a potion of lignification
 v - a potion of might {unknown}
 C - a potion of enlightenment {unknown}


   Skills:
 - Level 7.0 Fighting
 * Level 13.2 Ranged Weapons
 + Level 4.0 Dodging
 - Level 7.0 Stealth


You had 8 spell levels left.
You didn't know any spells.
Your spell library contained the following spells:

 Spells                   Type           Power      Damage    Failure   Level
 Ensorcelled Hibernation  Hex/Ice        0%         N/A       63%         2
 Passwall                 Tmut/Erth      0%         N/A       63%         2
 Frozen Ramparts          Ice            0%         1d1       85%         3
 Swiftness                Air            0%         N/A       85%         3
 Petrify                  Tmut/Erth      0%         N/A       99%         4
 Metabolic Englaciation   Hex/Ice        0%         N/A       100%        5


Dungeon Overview and Level Annotations

Branches:
Dungeon (7/15)             Temple (1/1) D:5

Altars:
Ashenzari
Cheibriados
Elyvilon
Hepliaklqana
Kikubaaqudgha
Makhleb
Nemelex Xobeh
Qazlal
Trog
Uskayaw
Vehumet
Wu Jian
Xom
Yredelemnul
Zin
The Shining One


Innate Abilities, Weirdness & Mutations

Your life essence is reduced to manifest your ancestor. (-10% HP)
You are small and have problems with some larger weapons.
You are completely attuned to the shadows.


Message History

You are more poisoned.
The killer bee poisons you!
You hear a shout!
Your +3 dagger of venom begins to drip with poison!
b - a +3 dagger of venom (weapon)
You feel sick.
You hear a loud, deep croak!
You hear a shout! x2
The killer bee misses you.
A sky beast comes into view.
An orc comes into view. It is wielding a +0 mace.
An orc comes into view.
It is wielding a +0 hand axe of flaming.
The killer bee stings you! The killer bee stings you.
You feel very sick.
The killer bee attacks as it pursues you!
The killer bee closely misses you.
The killer bee barely misses Udjahorresnet.
The killer bee stings Udjahorresnet but does no damage.
You feel very sick. The killer bee stings you.
* * * LOW HITPOINT WARNING * * *
The killer bee closely misses you.
The killer bee stings Udjahorresnet.
Udjahorresnet hits the killer bee.
The killer bee closely misses you.
The killer bee stings Udjahorresnet but does no damage.
The killer bee barely misses you.
* * * LOW HITPOINT WARNING * * *
You feel very sick. The killer bee stings you.
* * * LOW HITPOINT WARNING * * *
You are more poisoned.
The killer bee poisons you!
Udjahorresnet misses the killer bee.
The killer bee stings you.
* * * LOW HITPOINT WARNING * * *
You are more poisoned.
The killer bee poisons you!
Okay, then.
There is nothing to cancel.
As you read the scroll labelled TUIFIPRILL, it crumbles to dust.
It is a scroll of enchant armour.
Your +0 cloak glows green for a moment.
You die...

#....#####......
#.....#.###.##..
#####...........
#....##.....
###...##.......
###.........##...
#<..........#(.# o
#...#..........# ..
#..#####...@yyR#o..
#### ....y.#.o.).
..#.....o...
###.....Y...
#.....##.. ....##
..


You could see the friendly Udjahorresnet the ancestor, a sky beast, 3 killer
bees and an orc.

Vanquished Creatures
  2 steam dragons (D:5)
  Edmund (D:6)
  2 water moccasins
  An ice beast (D:6)
  A sky beast (D:5)
  A black bear (D:4)
  4 ogres
  A centaur (D:6)
  3 kobold brigands (D:6)
  A bullfrog (D:6)
  A scorpion (D:5)
  A howler monkey (D:6)
  6 hounds
  2 jellies
  An orc priest (D:6)
  A gnoll bouda (D:6)
  4 iguanas
  2 orc wizards (D:6)
  2 sleepcaps (D:6)
  Robin (D:4)
  7 gnolls
  8 adders
  A shadow imp (D:5)
  A white imp (D:3)
  2 ufetubi (D:5)
  3 worms
  A dart slug (D:1)
  13 orcs
  8 ball pythons
  10 endoplasms
  2 giant cockroaches (D:1)
  18 goblins
  8 hobgoblins
  4 jackals
  7 quokkas
  5 bats
  3 frilled lizards
  A goblin zombie (D:3)
  A hobgoblin zombie (D:3)
  20 kobolds
  2 kobold skeletons (D:3)
  A kobold zombie (D:3)
  An orc skeleton (D:3)
  An orc zombie (D:3)
  5 rats
171 creatures vanquished.

Notes
Turn   | Place    | Note
-------+----------+-------------------------------------------
     0 | D:1      | porpoise the Kobold Hunter began the quest for the Orb.
     0 | D:1      | Reached XP level 1. HP: 12/12 MP: 1/1
    36 | D:1      | Reached XP level 2. HP: 7/18 MP: 2/2
   333 | D:1      | Reached skill level 6 in Ranged Weapons
   390 | D:1      | Reached XP level 3. HP: 17/22 MP: 3/3
  1090 | D:2      | Reached XP level 4. HP: 28/28 MP: 4/4
  1522 | D:3      | Noticed an ogre
  1533 | D:3      | Killed an ogre
  1534 | D:3      | Reached skill level 7 in Ranged Weapons
  1534 | D:3      | Reached XP level 5. HP: 33/33 MP: 5/5
  1690 | D:3      | Found an ancient bone altar of Kikubaaqudgha.
  1773 | D:3      | Reached skill level 8 in Ranged Weapons
  1773 | D:3      | Reached XP level 6. HP: 20/38 MP: 6/6
  1973 | D:3      | Found a glowing golden altar of the Shining One.
  2451 | D:4      | Noticed a black bear
  2459 | D:4      | Killed a black bear
  2460 | D:4      | Reached XP level 7. HP: 34/44 MP: 7/7
  2586 | D:4      | Reached skill level 9 in Ranged Weapons
  2680 | D:4      | Noticed Robin
  2687 | D:4      | Killed Robin
  3051 | D:5      | Entered Level 5 of the Dungeon
  3136 | D:5      | Reached skill level 5 in Fighting
  3383 | D:5      | Noticed a steam dragon
  3386 | D:5      | Noticed a steam dragon
  3392 | D:5      | Killed a steam dragon
  3393 | D:5      | Reached XP level 8. HP: 38/49 MP: 8/8
  3404 | D:5      | Reached skill level 10 in Ranged Weapons
  3732 | D:5      | Reached skill level 5 in Stealth
  3777 | D:5      | Found a staircase to the Ecumenical Temple.
  3797 | Temple   | Entered the Ecumenical Temple
  3807 | Temple   | Became a worshipper of Hepliaklqana the Forgotten
  3840 | D:5      | Reached skill level 11 in Ranged Weapons
  4869 | D:6      | Reached XP level 9. HP: 56/56 MP: 9/9
  5333 | D:6      | Noticed Edmund
  5353 | D:6      | Killed Edmund
  5354 | D:6      | Reached skill level 12 in Ranged Weapons
  5823 | D:6      | Reached skill level 13 in Ranged Weapons
  6265 | D:7      | Reached * piety under Hepliaklqana
  6277 | D:7      | HP: 1/51 [killer bee (6)]
  6278 | D:7      | Succumbed to a killer bee's poison

Illustrated notes

Levels and vault maps discovered:
D:1:      dpeg_arrival_rhombus, layout_rooms, hex_large
D:2:      layout_basic
D:3:      layout_basic, nicolae_kikubaaqudgha_miasma_corner,
          nicolae_tso_besieged_by_evil
D:4:      layout_rooms, interstate_on_off, uniq_robin
D:5:      kennysheep_steamy, layout_basic, minmay_temple_entry_arrows
D:6:      layout_rooms, uniq_edmund
D:7:      layout_cave_pools, old_standard_altar
Temple:   nicolae_temple_great_sept

Skill      XL: |  1  2  3  4  5  6  7  8  9 |
---------------+----------------------------+-----
Ranged Weapons | 6 7 8 9 11 13 | 13.2
Fighting       | 3 4 5 6 7 |  7.0
Stealth        | 2 3 6 7 |  7.0
Dodging        | 4 |  4.0

Action                     |  1- 3 |  4- 6 |  7- 9 || total
---------------------------+-------+-------+-------++-------
  Melee: Dagger            |     9 |    60 |   167 ||   236
         Punch             |       |     3 |     6 ||     9
   Fire: Shortbow          |   105 |   112 |   194 ||   411
    Use: Scroll            |     4 |     2 |     2 ||     8
         Potion            |       |       |     4 ||     4
   Stab: Sleeping          |       |       |     3 ||     3
 Armour: Leather armour    |    31 |    26 |   113 ||   170
  Dodge: Dodged            |    72 |    88 |   221 ||   381

Table legend: (Time is in decaauts)
 A = Elapsed time spent in this place.
 B = Non-inter-level travel time spent in this place.
 C = Inter-level travel time spent in this place.
 D = Time resting spent in this place.
 E = Time spent auto-exploring this place.
 F = Levels seen in this place.
 G = Mean time per level.
                   A        B        C        D        E       F      G
               +--------+--------+--------+--------+--------+-----+--------+
         Total |   6246 |   6073 |    173 |   1860 |   3066 |   8 |  780.8 |
       Dungeon |   6120 |   5966 |    154 |   1757 |   3066 |   7 |  874.3 |
        Temple |    126 |    107 |     19 |    103 |      0 |   1 |  126.0 |
               +--------+--------+--------+--------+--------+-----+--------+

Top non-repeatable levels by time:
     D:5: 1631 daAuts
     D:6: 1313 daAuts
     D:1: 880 daAuts
     D:4: 767 daAuts
     D:3: 766 daAuts
     D:2: 642 daAuts
  Temple: 126 daAuts
     D:7: 117 daAuts
